 Dungeon Crawl Stone Soup version 0.26.1-11-gd32895ea62 (webtiles) character file.

Game seed: 5589803442589444561

57 sex1234 the Vexing (level 3, -12/14 HPs)
             Began as a Felid Enchanter on June 15, 2021.
             Was an Initiate of Wu Jian.
             Killed by divine providence
             ... invoked by an orc priest
              (13 damage)
             ... on level 3 of the Dungeon.
             The game lasted 00:20:34 (3263 turns).

sex1234 the Vexing (Felid Enchanter)                Turns: 3263, Time: 00:20:34

Health: -12/14     AC:  1    Str:  4    XL:     3   Next: 73%
Magic:  2/7        EV: 18    Int: 17    God:    Wu Jian [......]
Gold:   68         SH:  0    Dex: 16    Spells: 1/7 levels left
                                        Lives:  0   Deaths: 0

rFire    . . .     SeeInvis +     - Unarmed
rCold    . . .     Faith    .   (shield unavailable)
rNeg     . . .     Spirit   .   (armour unavailable)
rPois    .         Reflect  .   (helmet unavailable)
rElec    .         Harm     .   (cloak unavailable)
rCorr    .         Rampage  .   (gloves unavailable)
Will     +....                  (boots unavailable)
Stlth    +++.......             (no amulet)
HPRegen  0.04/turn              a - ring of willpower
MPRegen  0.10/turn              (no ring)

@: quick
A: very small, no armour, no weapons or thrown items, stealth, claws 1, fangs 3,
see invisible, speed 1, shaggy fur 1, sharp paws
a: Renounce Religion


You were on level 3 of the Dungeon.
You worshipped Wu Jian.
Wu Jian was noncommittal.
You visited 1 branch of the dungeon, and saw 3 of its levels.

You collected 68 gold pieces.

Inventory:

Jewellery
 a - a ring of willpower (left paw)
Wands
 e - a wand of random effects (21)
Scrolls
 c - a scroll of blinking
Potions
 b - a potion of heal wounds
 d - a potion of brilliance {unknown}


   Skills:
 + Level 0.2 Fighting
 + Level 2.7 Dodging
 + Level 4.6 Stealth
 + Level 1.6 Unarmed Combat
 + Level 2.5 Spellcasting
 + Level 5.0 Hexes
 + Level 0.8 Ice Magic


You had one spell level left.
You knew the following spells:

 Your Spells              Type           Power        Failure   Level
a - Corona                Hex            21%          2%          1
b - Ensorcelled Hibernat  Hex/Ice        24%          9%          2
c - Tukima's Dance        Hex            19%          7%          3

Your spell library contained the following spells:

 Spells                   Type           Power        Failure   Level
 Confusing Touch          Hex            19%          7%          3
 Dazzling Flash           Conj/Hex       20%          19%         3


Dungeon Overview and Level Annotations

Branches:
Dungeon (3/15)

Altars:
Cheibriados
Wu Jian


Innate Abilities, Weirdness & Mutations

You cannot wear armour.
You are incapable of wielding weapons or throwing items.
Your paws allow you to move quietly. (Stealth)
You have sharp claws.
You have razor-sharp teeth.
You have supernaturally acute eyesight. (SInv)
You cover ground quickly.
You are covered in fur. (AC +1)
Your sharp claws are effective at attacking unaware monsters.


Message History

The orc resists with significant effort.
The orc hits you with a +0 club.
Casting: Ensorcelled Hibernation (safe; 9% risk of failure)
Confirm with . or Enter, or press ? or * to list all spells.
The spell is potentially lethal to cast (7% risk of failure)!
Continue anyway?
Okay, then.
Casting: Tukima's Dance (potentially lethal; 7% risk of failure)
Confirm with . or Enter, or press ? or * to list all spells.
The spell is potentially lethal to cast (7% risk of failure)!
Continue anyway?
Uppercase [Y]es or [N]o only, please.
The spell is potentially lethal to cast (7% risk of failure)!
Continue anyway?
Aiming: Tukima's Dance (potentially lethal; 7% risk of failure)
Press: ? - help, Shift-Dir - straight line, f - orc, p - orc
Aim: an orc, wielding a +0 whip (chance to affect: 73%)
The +0 whip dances into the air!
The orc hits you.
* * * LOW HITPOINT WARNING * * *
The orc priest invokes the aid of Beogh against you.
Beogh smites you!
Ouch! That really hurt!
You die...

... .. ......#
#.#$#.# #.#.#.# # #
#.#.#.###....
#.#.#.......
#.#.#.(##.#.#
#######<#..o@.....#
......o...[o.####.#
#######............
#############


You could see an orc priest, 2 orcs and a friendly +0 whip.

Vanquished Creatures
  An adder (D:2)
  A worm (D:2)
  A dart slug (D:2)
  A leopard gecko (D:1)
  A giant cockroach (D:2)
  12 goblins
  5 hobgoblins (D:1)
  2 jackals (D:1)
  2 kobolds
  A quokka (D:2)
  A ball python (D:1)
  4 bats
  2 frilled lizards (D:1)
  5 rats
39 creatures vanquished.

Notes
Turn   | Place    | Note
-------+----------+-------------------------------------------
     0 | D:1      | sex1234 the Felid Enchanter began the quest for the Orb.
     0 | D:1      | Reached XP level 1. HP: 7/7 MP: 4/4
   534 | D:1      | Reached XP level 2. HP: 11/11 MP: 4/6
   537 | D:1      | Learned a level 2 spell: Ensorcelled Hibernation
  1720 | D:1      | Reached XP level 3. HP: 11/14 MP: 0/7
  1931 | D:1      | Learned a level 3 spell: Tukima's Dance
  2158 | D:2      | Reached skill level 5 in Hexes
  2203 | D:2      | Found a snail-covered altar of Cheibriados.
  2443 | D:2      | Found an ornate altar of the Wu Jian Council.
  3220 | D:2      | Noticed a spectral centipede
  3220 | D:2      | Noticed a spectral black mamba
  3220 | D:2      | Noticed a spectral cane toad
  3226 | D:2      | Became a worshipper of the Wu Jian Council
  3263 | D:3      | Killed from afar by an orc priest

Illustrated notes

Levels and vault maps discovered:
D:1:      enne_arrival_octagon_isle, layout_loops_corners
D:2:      layout_basic, lemuel_crystal_altar, pdpol_wu_jian_five_deadly_venoms
D:3:      layout_loops_ring, gammafunk_ghost_arena

Skill      XL: |  1  2  3 |
---------------+----------+-----
Hexes          | 5 |  5.0
Fighting       | |  0.2
Dodging        | |  2.7
Stealth        | |  4.6
Unarmed Combat | |  1.6
Spellcasting   | |  2.5
Ice Magic      | |  0.8

Action                   || total
-------------------------++-------
Melee: Unarmed           ||   101
       Bite              ||     5
 Cast: Corona            ||    12
       Ensorcelled Hiber ||    15
       Tukima's Dance    ||     1
  Use: Scroll            ||     6
       Potion            ||     3
 Stab: Sleeping          ||    22
Armor: Skin              ||     2
Dodge: Dodged            ||    65
